 Dungeon Crawl Stone Soup version 0.29-a0-923-g6e406bff71 (webtiles) character file.

Game seed: 12466223683946033103

252 2tc the Insei (level 6, 0/38 HPs)
             Began as an Octopode Transmuter on July 28, 2022.
             Killed from afar by Ijyb (9 damage)
             ... with a puff of flame
             ... on level 3 of the Dungeon.
             The game lasted 00:07:38 (3792 turns).

2tc the Insei (Octopode Transmuter)                 Turns: 3792, Time: 00:07:38

Health: 0/38       AC:  1    Str: 11    XL:     6   Next: 13%
Magic:  9/9        EV: 13    Int: 16    God:
Gold:   156        SH:  0    Dex: 12    Spells: 2/9 levels left

rFire   . . .      SeeInvis .     - Unarmed
rCold   . . .      Faith    .   (no shield)
rNeg    . . .      Spirit   .   (helmet restricted)
rPois   .          Reflect  .   (no amulet)
rElec   .          Harm     .   d - ring of flight
rCorr   .          Rampage  .   (no ring)
Will    .....                   (no ring)
Stlth   ++........              (no ring)
HPRegen 0.12/turn               (no ring)
MPRegen 0.11/turn               (no ring)
                                (no ring)
                                (no ring)

@: flying
A: almost no armour, amphibious, 8 rings, camouflage 1, gelatinous body 1,
(nimble swimmer 1), tentacles
a: no special abilities


You were on level 3 of the Dungeon.
You visited 1 branch of the dungeon, and saw 3 of its levels.

You collected 156 gold pieces.

Inventory:

Missiles
 b - a throwing net
Jewellery
 d - a ring of flight (left tentacle)
Potions
 a - a potion of lignification
 c - 3 potions of berserk rage
 e - a potion of attraction
 g - a potion of ambrosia {unknown}


   Skills:
 - Level 1.0 Fighting
 - Level 2.0 Dodging
 * Level 6.7 Unarmed Combat
 - Level 2.0 Spellcasting
 - Level 2.0 Transmutations


You had 2 spell levels left.
You knew the following spells:

 Your Spells              Type           Power      Damage    Failure   Level
a - Beastly Appendage     Tmut           16%        N/A       9%          1
b - Wereblood             Tmut           8%         N/A       14%         2
c - Ice Form              Ice/Tmut       4%         N/A       80%         4

Your spell library contained the following spells:

 Spells                   Type           Power      Damage    Failure   Level
 Apportation              Tloc           2%         N/A       21%         1
 Freeze                   Ice            4%         1d3       21%         1
 Necrotise                Necr           4%         1d4       21%         1
 Summon Small Mammal      Summ           4%         N/A       21%         1
 Spider Form              Tmut/Pois      4%         N/A       38%         3
 Frozen Ramparts          Ice            2%         1d2       52%         3
 Hailstorm                Conj/Ice       1%         3d3       90%         4


Dungeon Overview and Level Annotations

Branches:
Dungeon (3/15)

Altars:

Shops:
D:1 (

Annotations:
D:3 Ijyb


Innate Abilities, Weirdness & Mutations

You cannot wear most types of armour.
You are amphibious.
You can wear up to eight rings at the same time.
Your skin changes colour to match your surroundings (Stealth+).
Your rubbery body absorbs attacks. (AC +1, EV +1)
((You are camouflaged when in or above water. (Stealth+)))
You have tentacles for arms and can constrict up to eight enemies at once.


Message History

Found a scroll of enchant armour.
Ijyb shouts!
Ijyb zaps a wand.
The puff of flame hits you!
A rat comes into view. x2
You tentacle-slap the hobgoblin but do no damage.
You grab the hobgoblin.
You constrict the hobgoblin, but do no damage.
The hobgoblin struggles to escape constriction.
You bludgeon the hobgoblin!
You kill the hobgoblin!
Ijyb screams, "You nasty!
Big nasty!"
Ijyb zaps a wand.
The puff of flame hits you!
You see here a hobgoblin corpse.
A ball python comes into view.
Ijyb zaps a wand.
The puff of flame misses you. The rat barely misses you.
The ball python hisses angrily.
You tentacle-slap Ijyb but do no damage.
You grab Ijyb. You squeeze Ijyb, but do no damage.
You constrict Ijyb, but do no damage.
Ijyb screams, "Me very upset!"
Ijyb zaps a wand.
The puff of flame hits you. The rat bites you.
You tentacle-slap Ijyb but do no damage.
You tentacle-slap Ijyb. You squeeze Ijyb, but do no damage.
Ijyb is lightly wounded.
You constrict Ijyb, but do no damage. Ijyb hits you with a +0 dagger.
* * * LOW HITPOINT WARNING * * *
The rat bites you.
* * * LOW HITPOINT WARNING * * *
A quokka comes into view.
The rat barely misses you.
You tentacle-slap Ijyb but do no damage.
You squeeze Ijyb.
Ijyb is moderately wounded.
You constrict Ijyb.
You tentacle-slap Ijyb but do no damage.
You squeeze Ijyb.
Ijyb is severely wounded.
You constrict Ijyb, but do no damage.
Ijyb zaps a wand.
The puff of flame hits you!
You die...

..# #... #.# #... #.#
#... ####### ######.#
##.. ....... #......#
#.. .......##.#
#..#######..
..........###....[......
......rr..#.........>...
......g@†.#.#.#.........
.............†########..
...?...#..#.#.# #..
###.####..#.#.# #.. #
....S.#.# #.. #.#..#....
#.. #.#.!#r#.# #.. .
.......# #.. . .#.#.....


You could see Ijyb, a quokka, a ball python and 2 rats.

Vanquished Creatures
  An orc priest (D:2)
  Terence (D:2)
  Natasha (thrice) (D:2)
  Robin (D:2)
  5 adders
  A worm (D:3)
  2 orcs (D:2)
  8 ball pythons
  5 endoplasms
  2 giant cockroaches
  12 goblins
  8 hobgoblins
  2 quokkas
  2 bats (D:2)
  2 frilled lizards (D:1)
  8 kobolds
  5 rats
68 creatures vanquished.

Notes
Turn   | Place    | Note
-------+----------+-------------------------------------------
     0 | D:1      | 2tc the Octopode Transmuter began the quest for the Orb.
     0 | D:1      | Reached XP level 1. HP: 13/13 MP: 3/3
    14 | D:1      | Found Toseul's Antique Weapon Boutique.
   315 | D:1      | Reached XP level 2. HP: 13/18 MP: 5/5
  1016 | D:2      | Reached skill level 4 in Unarmed Combat
  1040 | D:2      | Reached XP level 3. HP: 23/23 MP: 6/6
  1722 | D:2      | Reached skill level 5 in Unarmed Combat
  1722 | D:2      | Reached XP level 4. HP: 12/28 MP: 7/7
  2216 | D:2      | Noticed Terence
  2226 | D:2      | Killed Terence
  2227 | D:2      | Reached XP level 5. HP: 7/33 MP: 8/8
  2471 | D:2      | Noticed Robin
  2652 | D:2      | Learned a level 2 spell: Wereblood
  2657 | D:2      | Learned a level 4 spell: Ice Form
  2745 | D:2      | Killed Robin
  2840 | D:2      | Noticed Natasha
  2849 | D:2      | Killed Natasha
  2850 | D:2      | Reached skill level 6 in Unarmed Combat
  3007 | D:2      | Found a faded altar of an unknown god.
  3159 | D:2      | Noticed Natasha
  3163 | D:2      | Killed Natasha
  3296 | D:2      | Noticed Natasha
  3301 | D:2      | Killed Natasha
  3302 | D:2      | Reached XP level 6. HP: 38/38 MP: 9/9
  3783 | D:3      | Noticed Ijyb
  3792 | D:3      | Killed from afar by Ijyb

Illustrated notes

Levels and vault maps discovered:
D:1:      sevenhm_arrival_forest_fort_small_3, layout_loops_cross, serial_shops,
          nicolae_shop_overgrown_old_shop
D:2:      layout_loops_cross, chequers_ecumenical_altar_twisty, uniq_natasha,
          uniq_terence, uniq_robin
D:3:      layout_loops_cross, uniq_ijyb

Skill      XL: |  1  2  3  4  5 |
---------------+----------------+-----
Unarmed Combat | 4 5 6 |  6.7
Fighting       | |  1.0
Dodging        | |  2.0
Spellcasting   | |  2.0
Transmutations | |  2.0

Action                   |  1- 3 |  4- 6 || total
-------------------------+-------+-------++-------
Melee: Unarmed           |    75 |    79 ||   154
       Tentacles         |    11 |    16 ||    27
       Constrict         |    17 |    18 ||    35
       Kick              |     2 |     1 ||     3
       Punch             |       |     2 ||     2
 Cast: Beastly Appendage |     1 |     2 ||     3
  Use: Scroll            |     2 |     3 ||     5
       Potion            |     1 |       ||     1
 Stab: Sleeping          |    10 |     4 ||    14
Armor: Skin              |     2 |     4 ||     6
Dodge: Dodged            |    33 |    32 ||    65

Table legend: (Time is in decaauts)
 A = Elapsed time spent in this place.
 B = Non-inter-level travel time spent in this place.
 C = Inter-level travel time spent in this place.
 D = Time resting spent in this place.
 E = Time spent auto-exploring this place.
 F = Levels seen in this place.
 G = Mean time per level.
                   A        B        C        D        E       F      G
               +--------+--------+--------+--------+--------+-----+--------+
         Total |   3786 |   3734 |     52 |   1133 |   2138 |   3 | 1262.0 |
       Dungeon |   3786 |   3734 |     52 |   1133 |   2138 |   3 | 1262.0 |
               +--------+--------+--------+--------+--------+-----+--------+

Top non-repeatable levels by time:
     D:2: 2387 daAuts
     D:1: 1002 daAuts
     D:3: 396 daAuts
